 Dungeon Crawl Stone Soup version 0.30.0-5-g1a98f26d00 (webtiles) character file.

Game seed: 7647265941595003175

55 NinjaNoafa the Magician (level 3, -7/16 HPs)
             Began as a Vine Stalker Fire Elementalist on May 12, 2023.
             Killed by nerve-wracking pain
             ... invoked by an orc priest
              (14 damage)
             ... on level 3 of the Dungeon.
             The game lasted 00:03:13 (1658 turns).

NinjaNoafa the Magician (VSFE)                      Turns: 1658, Time: 00:03:14

Health: -7/16      AC:  5    Str: 10    XL:     3   Next: 93%
Magic:  0/9        EV: 12    Int: 17    God:
Gold:   173        SH:  0    Dex: 14    Spells: 7/10 levels left

rFire   + . .        d - +0 short sword
rCold   . . .        (no shield)
rNeg    . . .        m - +2 robe {rF+}
rPois   .            i - +0 helmet
rElec   .            (no cloak)
rCorr   .            (no gloves)
SInv    .            (no boots)
Will    .....        (no amulet)
Stlth   ++           (no ring)
HPRegen 0.22/turn    (no ring)
MPRegen 0.11/turn

%: guardian spirit
@: very slightly contaminated
A: fangs 2, magic shield, antimagic bite, no potion heal 2
a: no special abilities


You were on level 3 of the Dungeon.
You visited 1 branch of the dungeon, and saw 3 of its levels.

You collected 173 gold pieces.

Inventory:

Hand Weapons
 d - a +0 short sword (weapon)
Armour
 i - a +0 helmet (worn)
 m - a +2 robe of fire resistance (worn)
Scrolls
 c - a scroll of enchant weapon {unknown}
 e - a scroll of blinking {unknown}
 f - 2 scrolls of immolation {unknown}
 g - a scroll of identify {unknown}
 h - a scroll of silence {unknown}
 k - 2 scrolls of enchant armour {unknown}
 o - 3 scrolls of teleportation {unknown}
Potions
 a - 2 potions of brilliance {unknown}
 b - a potion of magic
 j - a potion of haste {unknown}
 l - a potion of berserk rage {unknown}
 n - 3 potions of flight {unknown}
 p - 2 potions of might {unknown}


   Skills:
 - Level 1.5 Dodging
 - Level 2.4 Stealth
 + Level 4.0 Spellcasting
 + Level 1.2 Conjurations
 + Level 3.1 Fire Magic


You had 7 spell levels left.
You knew the following spells:

 Your Spells              Type           Power      Damage    Failure   Level
a - Foxfire               Conj/Fire      40%        2x1d6     6%          1
b - Scorch                Fire           28%        2d6       7%          2

Your spell library contained the following spells:

 Spells                   Type           Power      Damage    Failure   Level
 Beastly Appendage        Tmut           6%         N/A       16%         1
 Wereblood                Tmut           3%         N/A       24%         2
 Inner Flame              Hex/Fire       8%         N/A       26%         3
 Volatile Blastmotes      Fire/Tloc      16%        2d11      26%         3
 Spider Form              Tmut/Pois      3%         N/A       43%         3
 Flame Wave               Conj/Fire      10%        2d6       54%         4


Dungeon Overview and Level Annotations

Branches:
Dungeon (3/15) Zot: 16327

Altars:

Annotations:
D:2 1 runed translucent door, Crazy Yiuf


Innate Abilities, Weirdness & Mutations

You have extremely sharp teeth.
When hurt, damage is shared between your health and your magic reserves.
Your bite disrupts and absorbs the magic of your enemies.
Potions cannot restore your health.


Message History

You kill the giant cockroach!
The foxfire hits the orc.
The orc is almost dead.
The foxfire hits the orc.
The orc is heavily wounded.
The foxfire hits the orc.
The orc is heavily wounded.
Unknown command.
Unknown command.
Unknown command.
The foxfire hits the orc.
You kill the orc!
Casting: Foxfire (safe; 6% risk of failure)
Press: ? - help, Q - select action, (/) - cycle Dir - look around, f - activate You miscast Foxfire.
You are very lightly contaminated with residual magic.
Nothing appears to happen.
Unknown command.
Unknown command.
Casting: Foxfire (safe; 6% risk of failure)
Press: ? - help, Q - select action, (/) - cycle Dir - look around, f - activate You conjure some foxfire!
The foxfire hits the orc.
You kill the orc!
Unknown command.
You barely miss the orc priest. You bite the orc priest. You drain its power.
You feel invigorated.
The orc priest is lightly wounded.
The foxfire hits the orc priest but does no damage.
The orc priest is lightly wounded.
The orc priest hits you with a +1 whip of flaming.
* * * LOW HITPOINT WARNING * * *
Unknown command.
Casting: Foxfire (safe; 6% risk of failure)
Press: ? - help, Q - select action, (/) - cycle Dir - look around, f - activate You conjure some foxfire!
The orc priest mumbles some strange prayers to Beogh against you.
Pain shoots through your body!
Ouch! That really hurt!
You die...

#.#.#.##.....#
#.#.#.##.....#
#.#.#.#####..##
#.#.#.........#
##.............###
#...#########.....
#.###..$#####.####
#v##.8.8$#....#
#@o)...._######
#.v.o#.8$8.#
........##...##
.......... ####
#####.....#
#.....# #######


You could see an orc priest (ally target) and an orc (ally target).

Vanquished Creatures
  A dart slug (D:1)
  2 orcs (D:3)
  5 endoplasms
  5 giant cockroaches
  4 hobgoblins
  4 jackals (D:1)
  4 ball pythons
  5 bats
  3 frilled lizards
  2 goblins (D:1)
  5 kobolds
  7 rats
47 creatures vanquished.

Vanquished Creatures (others)
  108 foxfires
108 creatures vanquished.

Grand Total: 155 creatures vanquished

Notes
Turn   | Place    | Note
-------+----------+-------------------------------------------
     0 | D:1      | NinjaNoafa the Vine Stalker Fire Elementalist began the
                  | quest for the Orb.
     0 | D:1      | Reached XP level 1. HP: 9/9 MP: 4/4
   138 | D:1      | Reached XP level 2. HP: 13/13 MP: 1/6
   181 | D:1      | Reached skill level 3 in Spellcasting
   585 | D:1      | Reached XP level 3. HP: 16/16 MP: 5/9
  1155 | D:2      | Learned a level 2 spell: Scorch
  1511 | D:2      | Found a runed translucent door.
  1512 | D:2      | Noticed Crazy Yiuf
  1551 | D:3      | Reached skill level 4 in Spellcasting
  1658 | D:3      | Killed from afar by an orc priest

Illustrated notes

Levels and vault maps discovered:
D:1:      reono_arrival_forest_river, layout_loops_ring
D:2:      layout_loops_ring, serial_bayou_crossing, uniq_crazy_yiuf_cottage
D:3:      layout_loops_ring, marbit_many_paths, ebering_ghost_disaster_area,
          serial_shops, shop, kennysheep_orc_chapel

Skill      XL: |  1  2  3 |
---------------+----------+-----
Spellcasting   | 3 4 |  4.0
Dodging        | |  1.5
Stealth        | |  2.4
Conjurations   | |  1.2
Fire Magic     | |  3.1

Action                     || total
---------------------------++-------
  Melee: Unarmed           ||     1
         Short sword       ||    21
         Bite              ||     6
   Cast: Foxfire           ||    68
 Armour: Robe              ||    14
  Dodge: Dodged            ||    30
